 Dungeon Crawl Stone Soup version 0.29.1-1-gd02db6906a (webtiles) character file.

Game seed: 17094102407836904989

16 ChrisAssaf the Firebug (level 2, -1/19 HPs)
             Began as a Human Fire Elementalist on Sept 25, 2022.
             Slain by a hobgoblin (5 damage)
             ... on level 1 of the Dungeon.
             The game lasted 00:05:24 (713 turns).

ChrisAssaf the Firebug (Human Fire Elementalist)     Turns: 713, Time: 00:05:24

Health: -1/19      AC:  2    Str:  8    XL:     2   Next: 75%
Magic:  0/5        EV: 12    Int: 15    God:
Gold:   32         SH:  0    Dex: 13    Spells: 2/5 levels left

rFire   . . .      SeeInvis .   (no weapon)
rCold   . . .      Faith    .   (no shield)
rNeg    . . .      Spirit   .   a - +0 robe
rPois   .          Reflect  .   (no helmet)
rElec   .          Harm     .   (no cloak)
rCorr   .          Rampage  .   (no gloves)
Will    .....                   (no boots)
Stlth   ++........              (no amulet)
HPRegen 0.06/turn               (no ring)
MPRegen 0.09/turn               (no ring)

@: attractive, flying
A: no striking features
a: no special abilities


You were on level 1 of the Dungeon.
You visited 1 branch of the dungeon, and saw 2 of its levels.

You collected 32 gold pieces.

Inventory:

Armour
 a - a +0 robe (worn)
Scrolls
 c - 2 scrolls of teleportation
 d - a scroll of acquirement {unknown}


   Skills:
 * Level 0.1 Armour
 * Level 2.0 Dodging
 * Level 2.0 Stealth
 * Level 2.2 Spellcasting
 * Level 1.0 Conjurations
 * Level 3.5 Fire Magic


You had 2 spell levels left.
You knew the following spells:

 Your Spells              Type           Power      Damage    Failure   Level
a - Foxfire               Conj/Fire      32%        2x1d5     9%          1
b - Scorch                Fire           24%        2d6       8%          2

Your spell library contained the following spells:

 Spells                   Type           Power      Damage    Failure   Level
 Conjure Flame            Conj/Fire      8%         6-21      26%         3
 Inner Flame              Hex/Fire       6%         N/A       32%         3
 Flame Wave               Conj/Fire      8%         2d5       63%         4


Dungeon Overview and Level Annotations

Branches:
Dungeon (2/15)

Altars:


Message History

You feel attractive to monsters.
The adder is no longer more vulnerable to fire.
The adder barely misses you. The hobgoblin is attracted toward you.
It was a potion of flight.
You feel very buoyant.
You fly up into the air.
The adder closely misses you. The adder misses you.
The hobgoblin barely misses you. The hobgoblin barely misses you.
The hobgoblin attacks as you move away!
The hobgoblin hits you but does no damage.
The adder attacks as you move away! The adder bites you.
The hobgoblin attacks as you move away! The hobgoblin closely misses you.
The adder barely misses you. The hobgoblin attacks as you move away!
The hobgoblin closely misses you. The adder attacks as you move away!
The adder barely misses you. x2
Casting: Foxfire (safe; 9% risk of failure)
Confirm with . or Enter, or press ? or * to list all spells.
You conjure some foxfire!
The adder closely misses you. The hobgoblin hits you.
What are your orders? t - Shout!
Orders for allies: a - Attack new target. r - Retreat! s - Stop attacking. g - Guard the area. f - Follow me.
Anything else - Cancel.
Gang up on whom?
Press: ? - help, Dir - move target, f - adder
Aim: an adder (moderately wounded, ally target) Attack!
The foxfire hits the adder.
The adder is heavily wounded.
The foxfire hits the adder.
The adder is almost dead.
The adder barely misses you. The hobgoblin hits you.
The adder attacks as you move away! The adder misses you.
The adder barely misses you. The hobgoblin attacks as you move away!
The hobgoblin closely misses you. The adder attacks as you move away!
The adder bites you.
* * * LOW HITPOINT WARNING * * *
The adder barely misses you. The hobgoblin attacks as you move away!
The hobgoblin hits you.
You die...

### #.####....##### #....# #....#
#....# ##### #....#### ####...#
#.......# #i##...# #.......#
####...# ###Sg...# ..''...#
####@....# ####...# ............#
#6##...# ######......### ####†..#
######........# .......#
#.............# # #####+##
#.............# .#
.#....####.............##.####
.#...........................#
.#......................#.##.####


You could see an adder and a hobgoblin.

Vanquished Creatures
  3 dart slugs (D:1)
  An endoplasm (D:1)
  A giant cockroach (D:1)
  2 ball pythons (D:1)
  A bat (D:1)
  3 frilled lizards (D:1)
  A kobold (D:1)
12 creatures vanquished.

Vanquished Creatures (others)
  27 foxfires (D:1)
27 creatures vanquished.

Grand Total: 39 creatures vanquished

Notes
Turn   | Place    | Note
-------+----------+-------------------------------------------
     0 | D:1      | ChrisAssaf the Human Fire Elementalist began the quest for
                  | the Orb.
     0 | D:1      | Reached XP level 1. HP: 13/13 MP: 3/3
     2 | D:1      | Noticed a troll
     2 | D:1      | Noticed a merfolk
     4 | D:1      | Noticed a formicid
     4 | D:1      | Noticed a naga
    10 | D:1      | Noticed an elf
    10 | D:1      | Noticed an ogre
    12 | D:1      | Noticed a tengu
    12 | D:1      | Noticed a human
    14 | D:1      | Noticed a demigod
    14 | D:1      | Noticed a felid
    16 | D:1      | Noticed a palentonga
    16 | D:1      | Noticed a spriggan
    18 | D:1      | Noticed a meteoran
    18 | D:1      | Noticed a gargoyle
    20 | D:1      | Noticed a minotaur
    20 | D:1      | Noticed a ghoul
    22 | D:1      | Noticed a vine stalker
    22 | D:1      | Noticed an octopode
    24 | D:1      | Noticed a vampire
    28 | D:1      | Noticed a demonspawn
    28 | D:1      | Noticed a merfolk
    30 | D:1      | Noticed a spriggan
    30 | D:1      | Noticed a demonspawn
   142 | D:1      | Reached XP level 2. HP: 15/19 MP: 3/5
   145 | D:1      | Learned a level 2 spell: Scorch
   313 | D:1      | You fall into a shaft and drop 1 floor!
   713 | D:1      | Slain by a hobgoblin

Illustrated notes

Levels and vault maps discovered:
D:1:      kb_arrival_jail, layout_basic
D:2:      layout_rooms, serial_shops, nicolae_lakefront_shop,
          chequers_ecumenical_altar_simple_redux, minmay_misc_feat_tiny,
          uniq_sigmund, uniq_terence

Action                   || total
-------------------------++-------
 Cast: Foxfire           ||    15
       Scorch            ||     7
  Use: Potion            ||     3
       Scroll            ||     2
Armor: Robe              ||     3
Dodge: Dodged            ||    35
